Map: 2000 Atmospheres LE

Players

HellraiseR - Winner!

  • Race: Protoss Protoss
  • League: Grandmaster

soul

  • Race: Terran Terran
  • League: Grandmaster

Event: DreamHack SC2 Masters 2021 Summer

VOD

Have the link to the VOD?

Description

Time

  • Played on: May 30, 2021, 2:28 p.m.
  • Length: 11:44

All games in this series

Show
View Real Time Build Order
Export as new Build Order

HellraiseR Protoss - Winner!

Build Orders: Proxy Void Ray 

Get SALT Encoding   

  12  0:00  Probe  
  13  0:12  Probe  
  14  0:17  Pylon  
  14  0:24  Probe (Chrono Boost)  
  16  0:36  Gateway  
  16  0:37  Probe (Chrono Boost)  
  16  0:42  Probe (Chrono Boost)  
  16  0:45  Assimilator  
  17  0:51  Probe  
  18  0:57  Assimilator  
  18  1:03  Probe  
  19  1:16  Probe  
  20  1:23  Cybernetics Core  
  20  1:28  Probe  
  21  1:33  Pylon  
  21  1:40  Probe  
  22  1:52  Probe  
  23  1:54  Assimilator  
  23  1:57  Stalker (Chrono Boost)  
  23  2:00  Stargate  
  25  2:16  Pylon  
  25  2:19  Stalker  
  27  2:26  Probe  
  28  2:35  Void Ray (Chrono Boost)  
  28  2:47  Shield Battery  
  28  2:48  Shield Battery  
  32  2:54  Shield Battery  
  32  3:02  Void Ray (Chrono Boost)  
  32  3:03  Shield Battery  
  36  3:17  Shield Battery  
  36  3:28  Shield Battery  
  36  3:36  Shield Battery  
  36  3:42  Pylon  
  36  3:54  Void Ray (Chrono Boost)  
  40  4:04  Shield Battery  
  40  4:05  Shield Battery  
  40  4:28  Pylon, Void Ray (Chrono Boost)  
  40  4:33  Shield Battery  
  40  4:37  Fleet Beacon  
  44  4:46  Shield Battery  
  44  4:47  Shield Battery  
  44  4:55  Pylon  
  44  5:18  Tempest (Chrono Boost)  
  47  5:26  Forge  
  47  5:27  Shield Battery  
  47  5:47  Shield Battery  
  47  5:53  Tempest (Chrono Boost)  
  50  6:04  Pylon  
  46  6:12  Photon Cannon  
  46  6:20  Photon Cannon  
  46  6:27  Photon Cannon  
  46  6:33  Tempest (Chrono Boost)  
  51  6:43  Warp Gate  
  51  7:09  Nexus  
  51  7:20  Oracle (Chrono Boost)  
  56  7:28  Probe  
  56  7:29  Pylon  
  55  7:44  Probe  
  56  7:54  Pylon  
  56  7:56  Probe  
  57  8:04  Tempest  
  62  8:08  Probe  
  59  8:20  Probe  
  60  8:33  Gateway  
  56  8:34  Gateway  
  56  8:36  Unknown  
  52  8:48  Shield Battery  
  52  8:57  Probe  
  52  9:01  Photon Cannon  
  53  9:03  Shield Battery  
  52  9:20  Probe  
  49  9:27  Stalker x2  
  49  9:29  Stalker  
  55  9:32  Probe  
  56  9:44  Probe  
  43  9:56  Probe  
  37  10:08  Probe  
  37  10:10  Stalker x2  
  42  10:17  Stalker  
  44  10:26  Probe (Chrono Boost)  
  46  10:35  Probe (Chrono Boost)  
  46  10:41  Probe  
  42  10:42  Probe  
  42  10:49  Pylon  
  43  10:54  Stalker x2  
  45  11:11  Probe  
  45  11:13  Stalker  
  53  11:28  Probe  
  53  11:29  Photon Cannon  
  54  11:33  Stalker  
  54  11:35  Stalker  
Show
View Real Time Build Order
Export as new Build Order

soul Terran 

Build Orders:  

Get SALT Encoding   

  12  0:00  SCV  
  13  0:12  SCV  
  14  0:16  Supply Depot  
  14  0:24  SCV  
  15  0:38  SCV  
  15  0:39  Barracks  
  16  0:44  Refinery  
  16  0:50  SCV  
  17  1:02  SCV  
  18  1:14  SCV  
  19  1:27  Barracks Reactor, Orbital Command  
  19  1:42  Command Center  
  19  1:52  SCV  
  20  1:55  Supply Depot  
  20  2:06  Marine x2  
  20  2:07  SCV  
  23  2:15  Factory  
  23  2:23  Marine  
  23  2:24  SCV, Marine  
  23  2:29  Bunker  
  26  2:36  SCV  
  27  2:41  Marine  
  27  2:42  Bunker  
  28  2:44  Marine  
  28  2:48  SCV  
  30  3:00  Factory Tech Lab, SCV  
  30  3:01  Orbital Command  
  31  3:05  Marine  
  31  3:08  Marine  
  31  3:12  SCV  
  34  3:19  Cyclone  
  37  3:23  Marine  
  37  3:25  Marine  
  38  3:33  Mag-Field Accelerator  
  37  3:35  SCV  
  37  3:38  SCV  
  37  3:41  Marine  
  36  3:43  Marine  
  36  3:47  SCV  
  38  3:50  SCV  
  37  3:59  SCV, Marine  
  37  4:01  Supply Depot  
  37  4:03  Cyclone  
  37  4:04  SCV  
  37  4:08  Marine  
  41  4:13  SCV  
  41  4:17  Marine  
  38  4:26  Marine  
  38  4:29  Orbital Command  
  37  4:34  Marine  
  37  4:39  Supply Depot  
  37  4:40  Cyclone  
  37  4:44  SCV, Marine  
  42  4:48  Refinery  
  42  4:57  SCV x2, Marine  
  45  5:06  Supply Depot  
  45  5:10  SCV  
  45  5:11  SCV  
  45  5:21  Cyclone  
  45  5:22  SCV  
  45  5:26  Marine  
  45  5:27  SCV  
  51  5:34  Marine  
  53  5:35  SCV  
  53  5:39  SCV  
  54  5:44  Marine  
  54  5:47  Starport  
  54  5:48  SCV  
  56  5:51  Marine  
  57  5:59  SCV  
  57  6:01  SCV  
  57  6:02  Marine  
  59  6:09  Marine  
  59  6:11  SCV  
  54  6:25  SCV  
  56  6:37  Marine, Viking  
  60  6:41  Barracks  
  60  6:44  Medivac  
  60  6:49  SCV  
  61  6:55  Marine  
  61  7:00  Supply Depot  
  61  7:04  Supply Depot  
  61  7:09  Orbital Command  
  61  7:13  Marine  
  66  7:23  Viking  
  66  7:25  Viking  
  66  7:29  Supply Depot  
  65  7:31  Marine  
  65  7:33  Marine  
  67  7:48  Marine  
  67  7:51  Marine  
  67  7:52  SCV  
  67  7:53  Viking  
  70  8:04  Viking  
  69  8:06  Marine  
  69  8:09  Marine  
  71  8:23  Viking  
  71  8:24  Marine  
  71  8:27  Marine  
  74  8:34  Viking  
  69  8:42  Marine  
  69  8:44  Marine  
  71  8:53  Viking  
  73  9:00  Marine  
  73  9:02  Marine  
  74  9:03  Viking  
  74  9:05  Supply Depot  
  77  9:13  Supply Depot  
  73  9:17  Marine  
  73  9:20  Marine  
  75  9:35  Marine  
  75  9:38  Marine  
  68  9:53  Marine  
  68  9:56  Marine  
  68  9:57  Viking  
  64  10:05  Viking  
  67  10:25  Siege Tank  
  68  10:29  Marine  
  68  10:33  Marine  
  63  10:47  Marine  
  62  10:51  Marine  
  60  11:05  Marine  
  60  11:09  Marine  
  58  11:23  Marine  
Tags
 
Add a new tag
Caveats
  • Supply blocks, unpowered buildings, or Contaminate may cause inaccurate times.
  • Supply counts are checked every 10 seconds.